← All builds
Geo / Armada / Economy first / OBSERVED BUILD

Standard geo

Armada Geo build order · Supreme Isthmus

The role's usual economy-first play, teching up through geothermal and advanced metal extractor into T2 constructor and Starlight to supply front.

Usually blows up the commander for T2 (67%)

#eco #t2 · 874 distinct matches · 121 players · 55% of Armada Geo games · team won 54% of 981 · Recently observed

HOW TO PLAY IT

Key timing: T2 constructor by 4:55

  1. Open 2 mex and wind, then Bot Lab by 0:35.
  2. Rush geothermal powerplant to fund T2 ahead of other roles.
  3. Get T2 constructor out to start building T2 units.
  4. Add Vehicle Plant and Advanced Geothermal for the T2 push.
  5. Fly first Starlight to front with a transport from Air.

Phase by phase

TYPICAL OF ITS 874 GAMES
  1. 1
  2. 2
  3. 3
  4. 4
PLAY THE OPENING

Follow the example game's first 6:00 step by step: what to build now, what comes next, and where it goes. At 1× it keeps pace with your own game.

  1. 1

    Up to the Bot Lab

    Economy
    • Metal Extractor2Mex
    • Wind Turbine4Wind
    Order
    1. Bot LabBot Lab after 2 mex, 4 winddone ~1:08, middle half 0:58–1:21

    By 0:51 in all: 2 mex · 4 wind

    The example game in this phase · 3 steps
    1. Mex ×2
    2. Wind ×4
    3. Bot LabBot Labdone 1:00 · typical 1:08
  2. 2

    Bot Lab to 5:00

    Economy
    • Metal Extractor2Mex
    • Wind Turbine3Wind
    • Energy Converter8Converter
    • Energy Storage1Energy storage
    Order
    1. Geothermal PowerplantGeo after 4 mex, 5 wind, 1 energy storage
    2. Bot LabEat Bot Lab
    Builders
    • Construction Turret5 Con turret
    • Lazarus4 Lazarus
    • Construction Bot2 Con bot
    • Construction Bot1 Con bot for allies
    • Lazarus1 Lazarus for allies

    By 5:00 in all: 4 mex · 7 wind · 1 geo · 8 converter · 1 energy storage · 5 con turret

    The example game in this phase · 18 steps
    1. LazarusLazarus ×2
    2. Wind ×2
    3. LazarusLazarus
    4. Construction BotCon botfor Beach sea
    5. Construction BotCon bot
    6. LazarusLazarusfor Beach sea
    7. LazarusLazarus
    8. Mex
    9. Geothermal PowerplantGeodone 3:01 · typical 3:28
    10. Mex
    11. Con turret ×2
    12. Bot LabEat Bot Labreclaimed for its metal
    13. Converter
    14. Con turret
    15. Converter ×11
    16. Con turret
    17. Converter ×2
    18. Con turret ×2
  3. 3

    5:00 to Vehicle Plant

    Order
    1. Advanced Geothermal PowerplantAdvanced Geothermal Powerplant after 8 wind, 10 converter, 6 con turretin 59% of games
    2. Vehicle PlantVehicle Plant after 9 wind, 10 converter, 6 con turretdone ~7:07, middle half 6:41–7:34
    Builders
    • Construction Turret1 Con turret

    Some games also: converter (49%) · wind (47%)

    By 6:59 in all: 4 mex · 10 wind · 1 geo · 1 Advanced Geothermal Powerplant · 10 converter · 1 energy storage

    The example game in this phase · 9 steps
    1. Con turret
    2. Bot LabBot Labdone 5:34
    3. Advanced Metal ExtractorT2 mexdone 5:43 · typical 5:35
    4. PawnPawn
    5. Advanced Metal ExtractorT2 mex
    6. Bot LabEat Bot Labreclaimed for its metal
    7. Advanced Geothermal PowerplantAdvanced Geothermal Powerplantdone 7:16 · typical 7:09
    8. Advanced Metal ExtractorT2 mex ×2
    9. Vehicle PlantVehicle Plantdone 7:22 · typical 7:07
  4. 4

    Vehicle Plant to 10:00

    Economy
    • Wind Turbine6Wind
    • Energy Converter4Converter
    Order
    1. Advanced Vehicle PlantAdvanced Vehicle Plant after 11 wind, 12 converter, 7 con turret
    2. Vehicle PlantEat Vehicle Plant
    Builders
    • Construction Turret1 Con turret
    • Construction Vehicle1 Con vehicle
    • Advanced Construction Vehicle1 T2 con vehicle for allies
    Army
    • Starlight2 Starlight
    • Umbra1 Jammer
    • Prophet1 Radar vehicle

    Some games also: Jaguar (33%) · Radar Tower (30%)

    By 10:00 in all: 4 mex · 21 wind · 1 geo · 1 Advanced Geothermal Powerplant · 16 converter · 1 energy storage

    The example game in this phase · 96 steps
    1. Construction VehicleCon vehicle
    2. Energy storage
    3. Construction VehicleCon vehicle
    4. Converter
    5. Construction VehicleCon vehicle
    6. Converter ×7
    7. Wind
    8. Advanced Vehicle PlantAdvanced Vehicle Plantdone 8:14 · typical 8:03
    9. Converter
    10. Wind
    11. Vehicle PlantEat Vehicle Plantreclaimed for its metal
    12. Converter
    13. Wind
    14. Advanced Construction VehicleT2 con vehiclefor Suicide front
    15. Wind ×7
    16. StarlightStarlightdone 8:48 · typical 9:01
    17. Wind ×7
    18. StarlightStarlight
    19. Wind ×9
    20. StarlightStarlight
    21. Wind ×13
    22. UmbraJammer
    23. Wind ×5
    24. ProphetRadar vehicle
    25. Wind ×4
    26. Advanced Construction VehicleT2 con vehicle
    27. Wind ×7
    28. JaguarJaguar
    29. Wind ×3
    30. ArbalestArbalest
    31. JaguarJaguar
    32. Wind ×4
    33. Converter
    34. AmbassadorAmbassadordone 10:58
    35. Wind ×3
    36. CitadelAnti-nukedone 11:47
    37. Converter
    38. Wind
    39. AmbassadorAmbassador
    40. Wind ×7
    41. Converter
    42. JaguarJaguar
    43. Wind ×3
    44. JaguarJaguar
    45. Wind ×3
    46. JaguarJaguar
    47. Wind ×3
    48. JaguarJaguar
    49. Wind ×3
    50. JaguarJaguar
    51. Converter
    52. Wind ×3
    53. JaguarJaguar
    54. Converter
    55. Wind ×3
    56. JaguarJaguar
    57. Wind ×3
    58. JaguarJaguar
    59. Wind ×2
    60. Con turret
    61. JaguarJaguar
    62. Wind ×4
    63. JaguarJaguar
    64. Wind ×4
    65. JaguarJaguar
    66. Wind ×5
    67. JaguarJaguar
    68. Wind ×4
    69. JaguarJaguar
    70. Wind ×3
    71. JaguarJaguar
    72. Wind ×4
    73. JaguarJaguar
    74. Wind ×3
    75. JaguarJaguar
    76. Wind ×4
    77. Advanced Radar TowerAdvanced Radar Tower
    78. Wind
    79. JaguarJaguar
    80. Wind ×4
    81. TracerTracer
    82. JaguarJaguar
    83. Wind ×3
    84. ProphetRadar vehicle
    85. Wind ×3
    86. UmbraJammer
    87. Wind ×2
    88. Con turret
    89. StarlightStarlight
    90. Wind ×8
    91. StarlightStarlight
    92. Wind ×6
    93. ConsulConsul
    94. Wind ×3
    95. StarlightStarlight
    96. Wind ×2

Counts are medians over the build's games: half of them build more, half fewer. The example game is XXMACGAMERXX's (40 OS, 11/10/2026); pick another.

Team trades

IN AT LEAST 30% OF ITS GAMES

You hand over

  • Lazarus1 Lazarus to Beach seafirst at 2:16 · in 78% of games
  • Construction Bot1 Con bot to Beach seafirst at 2:27 · in 88% of games
  • Advanced Construction Vehicle1 T2 con vehicle to Suicide front or Frontfirst at 8:44 · in 64% of games

You get

  • Hercules1 Light transport from Airfirst at 4:21 · in 31% of games
  • Advanced Construction Bot1 T2 con bot from Techfirst at 4:51 · in 95% of games

How it plays out

Typical game of this build, running totals by minute

Metal produced

020k40k
0:005:0010:0015:00

metal

Enemy metal destroyed

05k10k15k
0:005:0010:0015:00

metal

Own metal lost

02k4k6k
0:005:0010:0015:00

metal

981 games.

Show as table
ByMetal produced: This buildEnemy metal destroyed: This buildOwn metal lost: This build
1:0033300
2:0082100
3:00153200
4:00269200
5:00371600
6:00565300
7:00809300
8:0011505042
9:001453754130
10:0017433534260
11:00203811956666
12:002324439161810
13:002603260863209
14:002896885214596
15:0031674105735975
WHAT THE NUMBERS SAY

Standard Geo play wins about half its games while destroying the most enemy metal by 15:00 among the roles shown here.

  • + Enemy metal destroyed jumps to 10560 by 15:00, highest of all six builds.
  • + Starlight makes up 34% of army, delivering the long-range T2 push.
  • − Own metal lost reaches 5977 by 15:00 from the aggressive T2 push.
  • − First Starlight only arrives in 60% of games, a late or inconsistent push.
THE EXAMPLE YOU ARE READING

XXMACGAMERXX

40.0 OS · 11/10/2026

Open source match ↗

4 received units · includes a constructor
6985 metal received · 55138 energy received

Allied construction assistance is unknown. Timings are observations, not a promise of solo reproducibility.

Typical milestones

Bot Lab1:08Middle 50%: 0:58–1:21 · n=980
Geothermal Powerplant3:28Middle 50%: 3:11–3:44 · n=978
Advanced Metal Extractor5:35Middle 50%: 5:20–5:58 · n=974
Vehicle Plant7:07Middle 50%: 6:41–7:34 · n=947
Advanced Geothermal Powerplant7:09Middle 50%: 6:50–7:39 · n=702
Advanced Vehicle Plant8:03Middle 50%: 7:40–8:38 · n=900
Starlight9:01Middle 50%: 8:31–9:43 · n=801

Played most by

zeus_on_god118games of this build0neTw0110games of this buildXad53games of this buildViltrum46games of this buildDamsko40games of this build